 Dungeon Sprint DCSS version 0.31-a0-18-gea43df2a32 (webtiles) character file.

Game seed: 6199929910420356441

508 sircluck the Grappler (level 6, 0/72 HPs)
             Began as a Troll Berserker on May 11, 2023.
             Was a Priest of Trog.
             Slain by a scorpion (5 damage)
             ... in the Dungeon (Sprint II: "The Violet Keep of Menkaure").
             The game lasted 00:01:20 (260 turns).

sircluck the Grappler (Troll Berserker)              Turns: 260, Time: 00:01:21

Health: 0/72       AC:  4    Str: 28    XL:     6   Next: 98%
Magic:  5/5        EV: 11    Int: -1    God:    Trog [***...]
Gold:   486        SH:  0    Dex:  9    Spells: 5/5 levels left

rFire   . .          .
                       - Unarmed
rCold   . . .        (no shield)
rNeg    . . .        a - +0 animal skin
rPois   .            (helmet restricted)
rElec   .            (no cloak)
rCorr   .            (gloves unavailable)
SInv    .            (boots unavailable)
Will    .....        (no amulet)
Stlth   +            (no ring)
HPRegen 1.12/turn    (no ring)
MPRegen 0.09/turn

%: no teleportation
@: lethally poisoned (0 -> -9), slowed, lost intelligence, unable to read, very
slow
A: large, unfitting armour, claws 3, regeneration 1, shaggy fur 1, tough skin 1,
deterioration 1, dopey 2
a: Renounce Religion, Berserk, Trog's Hand


You were in the Dungeon.
You worshipped Trog.
Trog was most pleased with you.
You visited 1 branch You collected 486 gold pieces.

Inventory:

Armour
 a - a +0 animal skin (worn)
Scrolls
 g - a scroll of blinking
Potions
 b - a potion of curing
 c - a potion of heal wounds
 d - a potion of haste
 e - 2 potions of magic
 f - a potion of berserk rage


   Skills:
 + Level 7.7 Fighting
 + Level 7.4 Dodging
 + Level 9.4 Unarmed Combat


You had 5 spell levels left.
You didn't know any spells.
Your spell library was empty.

Dungeon Overview and Level Annotations

Branches:
Dungeon (1/1)

Altars:


Innate Abilities, Weirdness & Mutations

You are too large for most types of armour.
You have claws for hands.
Your natural rate of healing is unusually fast.
You are covered in fur. (AC +1)
You have tough skin. (AC +1)
Your body sometimes deteriorates upon taking damage.
You are very dopey. (Int -4)


Message History

There is a staircase leading out of the dungeon here.
As you open the door, it creaks loudly! 4 scorpions come into view.
The scorpion misses you. The scorpion closely misses you.
The scorpion barely misses you. The scorpion closely misses you.
The scorpion barely misses you. The scorpion stings you. x2
You are poisoned.
The scorpion poisons you!
You feel very sick. The scorpion barely misses you.
The scorpion closely misses you.
You feel very sick. The scorpion barely misses you.
The scorpion closely misses you.
You feel sick. The scorpion barely misses you. x2
You feel sick. The scorpion barely misses you.
You feel sick. The scorpion stings you. x2
You feel sick.
You are no longer poisoned.
The scorpion closely misses you. The scorpion stings you.
The scorpion stings you! The scorpion closely misses you.
The scorpion stings you.
The scorpion stings you but does no damage.
The scorpion stings you.
You are poisoned.
The scorpion poisons you!
You feel very sick. The scorpion stings you.
You are more poisoned.
The scorpion poisons you! The scorpion stings you.
You feel very sick. The scorpion stings you. x2
* * * LOW HITPOINT WARNING * * *
You are lethally poisoned!
The scorpion poisons you!
* * * LOW HITPOINT WARNING * * *
You feel extremely sick. The scorpion stings you.
* * * LOW HITPOINT WARNING * * *
The scorpion stings you.
You die...

+#
####.##
#..##.#
#...##
##'##
####.##
#†'.<.+
#..†##@##
##.###s#
##


s#s .s .. ### ### You could see 4 scorpions.

Vanquished Creatures
  4 neqoxecs (D)
  2 worms (D)
6 creatures vanquished.

Notes
Turn   | Place    | Note
-------+----------+-------------------------------------------
     0 | D        | sircluck the Troll Berserker began the quest for the Orb.
     0 | D        | Reached XP level 1. HP: 22/22 MP: 0/0
     1 | D        | Noticed a neqoxec
     1 | D        | Noticed a neqoxec
     1 | D        | Noticed a neqoxec
     1 | D        | Noticed a neqoxec
     5 | D        | Killed a neqoxec
     5 | D        | Gained mutation: You are dopey. (Int -2) [a neqoxec]
     6 | D        | Reached skill level 5 in Fighting
     6 | D        | Reached skill level 5 in Dodging
     6 | D        | Reached skill level 6 in Unarmed Combat
     6 | D        | Reached XP level 2. HP: 35/35 MP: 1/1
     6 | D        | Reached XP level 3. HP: 42/42 MP: 2/2
     6 | D        | Reached XP level 4. HP: 50/50 MP: 3/3
    11 | D        | Killed a neqoxec
    11 | D        | Reached ** piety under Trog
    12 | D        | Reached skill level 7 in Unarmed Combat
    12 | D        | Reached XP level 5. HP: 61/61 MP: 4/4
    12 | D        | Lost intelligence.
    14 | D        | Gained mutation: You are very dopey. (Int -4) [a neqoxec]
    20 | D        | Gained mutation: Your body sometimes deteriorates upon
                  | taking damage. [a neqoxec]
    22 | D        | Killed a neqoxec
    23 | D        | Reached skill level 8 in Unarmed Combat
    23 | D        | Reached XP level 6. HP: 22/71 MP: 5/5
    25 | D        | Killed a neqoxec
    26 | D        | Reached skill level 9 in Unarmed Combat
   237 | D        | Reached *** piety under Trog
   260 | D        | Slain by a scorpion

Illustrated notes

Levels and vault maps discovered:
D:        the_violet_keep_of_menkaure [sprint2_stairs_cluster_1,
          sprint2_shoproom, sprint2_temple, sprint2_basic_supplies,
          sprint2_obstacle_3, sprint2_obstacle_5, sprint2_obstacle_6,
          sprint2_obstacle_7, sprint2_obstacle_4, sprint2_timed_cluster_1,
          sprint2_smallroom_cluster_1, sprint2_smallroom_final_cluster_1,
          sprint2_transparent_cluster_1, sprint2_second_timed_cluster_1,
          sprint2_sniper_area_1, sprint2_heavy_combat_area_1,
          sprint2_mutation_trap_area_1, sprint2_forest_area_1,
          sprint2_light_combat_area_1, sprint2_behind_water_1,
          sprint2_near_end_vault_1]

Skill      XL: |  1  2  3  4  5  6 |
---------------+-------------------+-----
Fighting       | 5 6 7 |  7.7
Dodging        | 5 6 7 |  7.4
Unarmed Combat | 6 7 8 9 |  9.4

Action                     |  1- 3 |  4- 6 || total
---------------------------+-------+-------++-------
  Melee: Unarmed           |     2 |    18 ||    20
         Punch             |       |     1 ||     1
 Invoke: Berserk           |     1 |       ||     1
 Armour: Animal skin       |       |     2 ||     2
  Dodge: Dodged            |       |    22 ||    22

Table legend: (Time is in decaauts)
 A = Elapsed time spent in this place.
 B = Non-inter-level travel time spent in this place.
 C = Inter-level travel time spent in this place.
 D = Time resting spent in this place.
 E = Time spent auto-exploring this place.
 F = Levels seen in this place.
 G = Mean time per level.
                   A        B        C        D        E       F      G
               +--------+--------+--------+--------+--------+-----+--------+
         Total |    373 |    369 |      4 |    297 |      0 |   1 |  373.0 |
       Dungeon |    373 |    369 |      4 |    297 |      0 |   1 |  373.0 |
               +--------+--------+--------+--------+--------+-----+--------+

Top non-repeatable levels by time:
       D: 373 daAuts
